 Dungeon Crawl Stone Soup version 0.18.1-6-gd335043 (webtiles) character file.

34160 Vasya666 the Grappler (level 13, -1/139 HPs)
             Began as a Pale Draconian Transmuter on May 16, 2016.
             Was a Follower of the Shining One.
             Slain by a giant leech (29 damage)
             ... on level 5 of the Lair of Beasts.
             The game lasted 01:27:30 (28519 turns).

Vasya666 the Grappler (Pale Draconian Transmuter)  Turns: 28519, Time: 01:27:31

Health: -1/139     AC:  6    Str: 13    XL:     13   Next: 40%
Magic:  27/27      EV: 14    Int: 18    God:    the Shining One [*.....]
Gold:   1043       SH:  0    Dex: 12    Spells: 4 memorised, 20 levels left

rFire  . . .     SeeInvis .       - Unarmed
rCold  + + +     Gourm    .     (armour unavailable)
rNeg   . . .     Faith    .     (shield currently unavailable)
rPois  +         Spirit   .     (helmet currently unavailable)
rElec  .         Dismiss  .     (cloak currently unavailable)
rCorr  .         Reflect  .     (gloves currently unavailable)
SustAt .         Harm     .     (boots currently unavailable)
MR     +....                    (no amulet)
Stlth  +.........               A - ring of protection from magic
                                d - ring of protection from fire

@: ice-form, glowing, somewhat resistant to hostile enchantments, very
unstealthy
A: (breathe steam), unfitting armour, (cold-blooded), AC +8
a: End Transformation, Renounce Religion


You were on level 5 of the Lair of Beasts.
You worshipped the Shining One.
The Shining One was aware of your devotion.
You were not hungry.
You were a creature of crystalline ice.
You visited 3 branches of the dungeon, and saw 16 of its levels.
You visited the Abyss 1 time.
You also visited: Ice Cave.

You collected 1043 gold pieces.

Inventory:

Missiles
 a - 3 arrows
Armour
 t - a +0 pair of gloves (melded)
 y - a +1 cloak (melded)
Jewellery
 d - a ring of protection from fire (left front paw)
 k - an uncursed ring of fire
 m - an uncursed ring of see invisible {unknown}
 q - an uncursed ring of fire
 A - a ring of protection from magic (right front paw)
Wands
 r - a wand of digging (16/24)
 u - a wand of random effects (11/48)
 H - a wand of paralysis (4/24)
Scrolls
 b - a scroll of summoning {unknown}
 e - 3 scrolls of identify
 h - 4 scrolls of recharging
 l - 8 scrolls of remove curse
 s - a scroll of magic mapping
 v - 3 scrolls of teleportation
 B - a scroll of fear
Potions
 f - a potion of cure mutation
 g - a potion of degeneration {unknown}
 i - 2 potions of haste {iiiida sadwdaiidadadadwi}
 j - 4 potions of brilliance
 n - 5 potions of curing
 o - a potion of beneficial mutation {unknown}
 p - 2 potions of flight
 F - 2 potions of mutation {unknown}
Books
 x - a book of Air

   Spells                             Type                      Level
   a - Shock                          Conjuration/Air              1
   b - Swiftness                      Charms/Air                   2
   c - Repel Missiles                 Charms/Air                   2
   d - Static Discharge               Conjuration/Air              3
   e - Lightning Bolt                 Conjuration/Air              5
 z - a book of the Dragon

   Spells                             Type                      Level
   a - Flame Tongue                   Conjuration/Fire             1
   b - Cause Fear                     Hexes                        4
   c - Bolt of Fire                   Conjuration/Fire             6
   d - Dragon Form                    Transmutation                7
   e - Dragon's Call                  Summoning                    9
 C - a book of the Dragon

   Spells                             Type                      Level
   a - Flame Tongue                   Conjuration/Fire             1
   b - Cause Fear                     Hexes                        4
   c - Bolt of Fire                   Conjuration/Fire             6
   d - Dragon Form                    Transmutation                7
   e - Dragon's Call                  Summoning                    9
 D - a book of Conjurations

   Spells                             Type                      Level
   a - Magic Dart                     Conjuration                  1
   b - Searing Ray                    Conjuration                  2
   c - Dazzling Spray                 Conjuration/Hexes            3
   d - Fulminant Prism                Conjuration/Hexes            4
   e - Iskenderun's Mystic Blast      Conjuration                  4
   f - Iskenderun's Battlesphere      Conjuration/Charms           5
Comestibles
 c - 8 bread rations
 w - a royal jelly
 E - 2 chunks of flesh


   Skills:
 * Level 11.2 Fighting
 + Level 9.1 Dodging
 * Level 11.7 Unarmed Combat
 + Level 10.4 Spellcasting
 + Level 10.1 Transmutations


You had 20 spell levels left.
You knew the following spells:

 Your Spells              Type           Power        Failure   Level  Hunger
a - Beastly Appendage     Trmt           #####.       1%          1    None
b - Sticks to Snakes      Trmt           #####...     1%          2    None
d - Ice Form              Ice/Trmt       ####....     12%         4    ###....
e - Blade Hands           Trmt           #####.....   3%          5    #####..


Dungeon Overview and Level Annotations

Branches:
Dungeon (10/15)            Temple (1/1) D:4            Lair (5/8) D:10
  Swamp (0/4) Lair:5
  Snake: Lair:3-6    Spider: Lair:3-6       Orc: D:9-12

Altars:
Ashenzari
Cheibriados
Dithmenos
Elyvilon
Fedhas
Gozag
Kikubaaqudgha
Makhleb
Nemelex Xobeh
Okawaru
Pakellas
Qazlal
Ru
Sif Muna
Trog
Vehumet
Xom
Yredelemnul
Zin
The Shining One


Innate Abilities, Weirdness & Mutations

((You can breathe blasts of scalding, opaque steam.))
((Your pale cyan-grey scales are hard (AC +8).))
Your body does not fit into most forms of armour.
((You are cold-blooded and may be slowed by cold attacks.))


Message History

You kill the giant leech!
The Shining One accepts your kill.
You hit the giant leech but do no damage.
You hit the giant leech. You freeze the giant leech.
The giant leech is lightly wounded.
The giant leech bites you! x2
You hit the giant leech but do no damage.
The giant leech is lightly wounded.
The giant leech bites you!! The giant leech barely misses you.
You punch the giant leech! You freeze the giant leech.
The giant leech is moderately wounded.
You pummel the giant leech!! You freeze the giant leech.
The giant leech is severely wounded.
The giant leech bites you!! x2
* * * LOW HITPOINT WARNING * * *
You punch the giant leech! You freeze the giant leech.
You kill the giant leech!
The Shining One accepts your kill. The giant leech bites you!!
You die...

******* #..♣♣♣♣♣......##.,,,,,,,
,,*,*,***##♣♣§§≈♣♣........,,,,,,,
,**,,***,**♣≈§≈§§♣........,,,,,,,
,,,,,,,,,,,*§§§§§♣........,,,,,,,
,,,,,,,..,,*≈≈§§≈♣........,,,,,,,
,,,,,,,....**♣§§♣♣........,,,,,,,
,,,,,,,.....♣♣.♣♣.........,,,,,,,
,,,,,,,......†.w..........,,,,,,,
,,,,,,,.........Y.........,,,,,,,
,,,,,,,...................,,,,,>,
**,*,,*#..P##.##..###.##..,,,*,**
*******#..#*##*#### *##*.P****,**
###* **** ***


You could see a giant leech.

Vanquished Creatures
  Erolcha (D:7)
  A catoblepas (Lair:2)
  A hydra (Lair:4)
  3 death yaks
  A fire crab (Lair:5)
  A hill giant (D:10)
  Pikel (D:4)
  The ghost of inmateoo the Chopper, a novice VSAs of Okawaru (D:8)
  The ghost of Zebura the Basher, a novice OgAK of Lugonu (D:5)
  9 elephants
  A centaur zombie (D:10)
  2 black mambas (Lair:5)
  2 ice statues (IceCv)
  4 spiny frogs
  2 rime drakes
  2 komodo dragons
  2 polar bears
  A queen bee (Lair:2)
  A troll (D:9)
  Grinder (D:4)
  Prince Ribbit (D:8)
  2 giant leeches (Lair:5)
  14 blink frogs (Lair:1)
  A spriggan (D:7)
  2 basilisks
  16 yaks
  Grum (D:8)
  6 hippogriffs
  2 hungry ghosts
  Menkaure (D:4)
  Duvessa (D:7)
  7 water moccasins
  12 porcupines
  19 ice beasts
  3 slaves (D:4)
  An orc warrior (D:9)
  A sky beast (D:7)
  3 wolves (D:8)
  2 ogres
  3 centaurs
  9 crocodiles
  A big kobold (D:9)
  14 giant frogs
  A wyvern skeleton (D:8)
  Dowan (D:7)
  4 scorpions
  29 killer bees
  5 wights (D:10)
  4 electric eels (D:7)
  3 crimson imps
  3 jellies (D:7)
  A giant frog zombie (D:5)
  2 quasits
  8 hounds
  5 orc priests
  10 orc wizards
  2 giant frog skeletons
  A centaur skeleton (D:5)
  Natasha (thrice) (D:4)
  8 iguanas
  4 hell rats
  6 worker ants
  13 sheep
  A killer bee zombie (D:6)
  A hound zombie (D:7)
  A howler monkey skeleton (D:7)
  11 adders
  A gnoll (D:1)
  11 river rats (Lair:1)
  2 shadow imps
  An adder skeleton (D:8)
  A worm (D:3)
  3 dart slugs
  2 giant geckos (D:10)
  35 orcs
  10 bats
  6 giant cockroaches
  4 goblins
  10 hobgoblins
  3 jackals (D:3)
  4 quokkas
  A ball python (D:2)
  2 giant gecko skeletons
  7 giant newts
  14 kobolds
  A quokka zombie (D:5)
  16 rats
421 creatures vanquished.

Vanquished Creatures (collateral kills)
  3 hydras
  2 death yaks (Lair:4)
  Sonja (Lair:1)
  3 yaks
  A killer bee (D:9)
  2 wights (D:10)
  5 sheep
  2 river rats (Lair:1)
19 creatures vanquished.

Vanquished Creatures (others)
  2 hell rats (Lair:5)
  An orc (D:3)
  8 fungi
  2 plants (Lair:2)
13 creatures vanquished.

Grand Total: 453 creatures vanquished

Notes
Turn   | Place    | Note
--------------------------------------------------------------
     0 | D:1      | Vasya666 the Draconian Transmuter began the quest for the Orb.
     0 | D:1      | Reached XP level 1. HP: 16/16 MP: 3/3
   414 | D:1      | Reached XP level 2. HP: 23/23 MP: 3/5
   852 | D:1      | Reached XP level 3. HP: 28/28 MP: 4/6
  1123 | D:1      | Learned a level 2 spell: Sticks to Snakes
  1127 | D:1      | Learned a level 3 spell: Spider Form
  2009 | D:2      | Found a white marble altar of Elyvilon.
  2172 | D:2      | Reached XP level 4. HP: 35/35 MP: 5/7
  2719 | D:2      | Reached XP level 5. HP: 12/41 MP: 2/9
  3805 | D:3      | Found a glowing silver altar of Zin.
  4384 | D:4      | Noticed Menkaure
  4385 | D:4      | Noticed Grinder
  4393 | D:5      | Entered Level 5 of the Dungeon
  4405 | D:5      | Reached XP level 6. HP: 39/49 MP: 6/10
  4454 | D:5      | Noticed Zebura's ghost (novice OgAK)
  4501 | D:4      | Paralysed by Grinder for 2 turns
  4842 | D:4      | Killed Menkaure
  5179 | D:4      | Found a staircase to the Ecumenical Temple.
  5188 | Temple   | Entered the Ecumenical Temple
  5618 | D:4      | Paralysed by Grinder for 5 turns
  5897 | D:4      | Your scales start taking on a pale cyan-grey colour.
  5897 | D:4      | Reached XP level 7. HP: 13/57 MP: 6/12
  6356 | D:4      | Noticed Natasha
  6362 | D:4      | Killed Natasha
  6370 | D:4      | Noticed Pikel
  6389 | D:4      | Paralysed by Grinder for 2 turns
  6396 | D:4      | Killed Grinder
  6396 | D:4      | Reached skill level 5 in Unarmed Combat
  6403 | D:4      | Noticed Natasha
  6404 | D:4      | Killed Natasha
  6698 | D:4      | Killed Pikel
  6698 | D:4      | Reached XP level 8. HP: 61/67 MP: 11/15
  6728 | D:4      | Noticed Natasha
  6732 | D:4      | Killed Natasha
  6887 | D:5      | Reached skill level 5 in Spellcasting
  7025 | D:5      | Reached skill level 5 in Fighting
  7025 | D:5      | Reached skill level 5 in Transmutations
  7431 | D:5      | Learned a level 4 spell: Ice Form
  7437 | D:5      | Learned a level 5 spell: Blade Hands
  7551 | D:5      | Killed Zebura's ghost
  7551 | D:5      | Reached XP level 9. HP: 34/74 MP: 8/17
  7908 | D:5      | Found a bloodstained altar of Trog.
  8161 | D:6      | Found a sparkling altar of Nemelex Xobeh.
  8588 | D:6      | Reached skill level 5 in Dodging
  9798 | D:7      | Noticed Duvessa
  9798 | D:7      | Noticed Dowan
  9801 | D:7      | Killed Dowan
  9830 | D:7      | Killed Duvessa
 10137 | D:8      | Noticed Erolcha
 10147 | D:7      | Cast into level 2 of the Abyss (Erolcha)
 10152 | D:7      | Escaped the Abyss
 10156 | D:7      | Killed Erolcha
 10156 | D:7      | Reached XP level 10. HP: 79/84 MP: 5/20
 10241 | D:8      | Noticed inmateoo's ghost (novice VSAs)
 10340 | D:8      | Paralysed by a centaur for 3 turns
 10514 | D:8      | Killed inmateoo's ghost
 10763 | D:8      | Found an iron altar of Okawaru.
 10763 | D:8      | Found a sacrificial altar of Ru.
 10763 | D:8      | Noticed Grum
 10775 | D:8      | Killed Grum
 11114 | D:8      | Became a worshipper of Ru the Awakened
 11242 | D:8      | Noticed Prince Ribbit
 11255 | D:8      | Killed Prince Ribbit
 12729 | D:9      | Found an opulent altar of Gozag.
 12731 | D:9      | Found a basalt altar of Yredelemnul.
 12731 | D:9      | Found an oddly glowing altar of Pakellas.
 13569 | D:10     | Entered Level 10 of the Dungeon
 13596 | D:10     | Found an oddly glowing altar of Pakellas.
 13739 | D:10     | Reached XP level 11. HP: 94/94 MP: 14/23
 14656 | D:10     | Found a staircase to the Lair.
 14760 | D:10     | Noticed a hill giant
 14775 | D:10     | Killed a hill giant
 14880 | Lair:1   | Entered Level 1 of the Lair of Beasts
 16137 | Lair:1   | Noticed Sonja
 16202 | Lair:1   | Killed Sonja
 17130 | Lair:1   | Reached skill level 10 in Unarmed Combat
 18959 | Lair:2   | Reached XP level 12. HP: 92/104 MP: 25/25
 19563 | Lair:2   | Noticed a seven-headed hydra
 19578 | Lair:2   | Killed a seven-headed hydra
 20591 | Lair:3   | Noticed a seven-headed hydra
 21362 | Lair:3   | Killed a seven-headed hydra
 21442 | Lair:2   | Reached skill level 10 in Fighting
 22676 | Lair:4   | Noticed a catoblepas
 23642 | Lair:2   | Killed a catoblepas
 23882 | Lair:4   | Noticed a four-headed hydra
 23888 | Lair:4   | Killed a four-headed hydra
 24258 | Temple   | Fell from the grace of Ru
 24258 | Temple   | Became a worshipper of the Shining One
 24688 | Lair:4   | Reached skill level 10 in Spellcasting
 25313 | Lair:4   | Noticed a six-headed hydra
 25320 | Lair:4   | Killed a six-headed hydra
 25578 | Lair:5   | Found a frozen archway.
 25938 | IceCv    | Entered an ice cave
 25963 | IceCv    | Reached XP level 13. HP: 84/114 MP: 22/27
 27348 | Lair:4   | Reached * piety under the Shining One
 27774 | Lair:5   | Reached skill level 10 in Transmutations
 28504 | Lair:5   | Found a staircase to the Swamp.
 28519 | Lair:5   | Slain by a giant leech

Skill      XL: |  1  2  3  4  5  6  7  8  9 10 11 12 13 |
---------------+----------------------------------------+-----
Dodging        | 2 3 4 5 6 7 8 9 |  9.1
Unarmed Combat | 4 5 6 7 9 10 11 | 11.7
Fighting       | 2 3 4 5 6 7 9 10 11 | 11.2
Spellcasting   | 3 4 5 6 8 9 10 | 10.4
Transmutations | 3 4 5 6 7 8 9 10 | 10.1

Action                   |  1- 3 |  4- 6 |  7- 9 | 10-12 | 13-15 || total
-------------------------+-------+-------+-------+-------+-------++-------
Melee: Unarmed           |   152 |   172 |   190 |   723 |   169 ||  1406
       Tailslap          |    11 |     8 |    11 |    49 |     6 ||    85
       Kick              |    10 |     7 |     7 |     6 |       ||    30
       Headbutt          |     2 |     4 |     8 |     5 |       ||    19
       Punch             |     1 |     1 |     4 |    14 |       ||    20
 Cast: Beastly Appendage |    33 |    20 |    29 |    11 |       ||    93
       Spider Form       |       |    14 |    21 |    37 |       ||    72
       Sticks to Snakes  |       |     2 |    12 |    98 |    10 ||   122
       Blade Hands       |       |       |       |    34 |     6 ||    40
       Ice Form          |       |       |       |    24 |    12 ||    36
Invok: Reject Sacrifices |       |       |       |     3 |       ||     3
 Abil: End Transformatio |       |     2 |     1 |     4 |     1 ||     8
       Breathe Steam     |       |       |    33 |    30 |     2 ||    65
Evoke: Wand              |       |       |     1 |     7 |       ||     8
  Use: Potion            |       |     9 |       |     1 |       ||    10
       Scroll            |       |     3 |     2 |    20 |       ||    25
 Stab: Distracted        |       |       |     2 |     4 |       ||     6
       Sleeping          |       |       |       |     2 |       ||     2
       Petrifying        |       |       |       |     1 |       ||     1
       Petrified         |       |       |       |     1 |       ||     1
  Eat: Chunk             |     5 |    12 |    12 |    39 |     1 ||    69
       Beef jerky        |       |     1 |       |     3 |     1 ||     5
       Bread ration      |       |       |     1 |     2 |     2 ||     5
       Pizza             |       |       |     1 |       |       ||     1
       Meat ration       |       |       |       |     2 |       ||     2
       Fruit             |       |       |       |     2 |       ||     2
       Royal jelly       |       |       |       |     1 |       ||     1
Armor: Skin              |    57 |    51 |    34 |   114 |    39 ||   295
Dodge: Dodged            |    94 |   130 |   128 |   628 |    85 ||  1065
